 Dungeon Crawl Stone Soup version 0.30-a0-390-g80c34de65d (webtiles) character file.

Game seed: 13449938490183327365

1227 cheesebisquit the Cleaver (level 8, 0/66 HPs)
             Began as a Minotaur Berserker on Dec 4, 2022.
             Was a Believer of Trog.
             Slain by a wight
             ... wielding a +0 falchion
              (5 damage)
             ... on level 6 of the Dungeon.
             The game lasted 00:16:53 (3281 turns).

cheesebisquit the Cleaver (Minotaur Berserker)      Turns: 3281, Time: 00:16:54

Health: 0/66       AC: 11    Str: 25    XL:     8   Next: 23%
Magic:  7/7        EV:  7    Int:  4    God:    Trog [**....]
Gold:   351        SH:  0    Dex: 15    Spells: 7/7 levels left

rFire   . . .      SeeInvis .    z - +2 hand axe
rCold   . . .      Faith    .    (no shield)
rNeg    . . .      Spirit   .    i - +0 plate armour
rPois   .          Reflect  .    (helmet restricted)
rElec   .          Harm     .    c - scarf {shadows}
rCorr   .          Rampage  .    (no gloves)
Will    .....                    (no boots)
Stlth   ..........               (no amulet)
HPRegen 0.31/turn                e - +6 ring of dexterity
MPRegen 0.10/turn                (no ring)

@: no status effects
A: horns 2, retaliatory headbutt
a: Renounce Religion, Berserk, Trog's Hand


You were on level 6 of the Dungeon.
You worshipped Trog.
Trog was pleased with you.
You visited 1 branch of the dungeon, and saw 5 of its levels.

You collected 351 gold pieces.

Inventory:

Hand Weapons
 a - a +0 hand axe
 z - a +2 hand axe (weapon)
Missiles
 k - 4 throwing nets (quivered)
 p - 2 poisoned darts
 y - 25 stones
Armour
 b - a +0 animal skin
 c - a scarf of shadows (worn)
 i - a +0 plate armour (worn)
 o - a +0 plate armour
Jewellery
 e - a +6 ring of dexterity (left hand)
Scrolls
 d - 2 scrolls of teleportation {unknown}
 f - 2 scrolls of vulnerability
 g - a scroll of torment {unknown}
 h - a scroll of amnesia {unknown}
 n - 2 scrolls of enchant armour {unknown}
 q - a scroll of magic mapping {unknown}
 r - a scroll of poison {unknown}
 s - a scroll of noise {unknown}
 t - 2 scrolls of immolation {unknown}
 v - 2 scrolls of fear {unknown}
 x - a scroll of butterflies {unknown}
 A - a scroll of summoning {unknown}
Potions
 j - a potion of haste
 l - 2 potions of might
 m - 3 potions of attraction
 u - 2 potions of curing
 w - 2 potions of degeneration {unknown}


   Skills:
 - Level 3.8 Fighting
 + Level 12.1 Axes
 - Level 2.7 Armour
 - Level 2.4 Dodging


You had 7 spell levels left.
You didn't know any spells.
Your spell library was empty.

Dungeon Overview and Level Annotations

Branches:
Dungeon (4/15)
 Temple: D:4-7

Altars:
Xom


Innate Abilities, Weirdness & Mutations

You have a pair of horns on your head.
You reflexively headbutt those who attack you in melee.


Message History

The wight is almost destroyed.
The wight hits you from afar with a +0 halberd!
You feel drained.
You are too injured to fight recklessly!
You are too injured to fight recklessly!
You are too injured to fight recklessly!
You are too injured to fight recklessly!
You closely miss the wight.
The wight is almost destroyed.
The wight hits you from afar with a +0 halberd!
* * * LOW HITPOINT WARNING * * *
The wight hits you with a +0 dire flail.
* * * LOW HITPOINT WARNING * * *
You slash the wight!
You destroy the wight!
Trog accepts your kill. The wight barely misses you.
Your Axes skill increases to level 12!
A wight is nearby!
Things that are here:
a +3 great sword of freezing; a +0 robe The wight barely misses you.
A wight comes into view. It is wielding a +0 falchion.
The wight hits you but does no damage.
Items here: )) [[.
You hit the wight. You headbutt the wight!
The wight is almost destroyed.
You hit the wight.
You destroy the wight!
Trog accepts your kill.
Your life force feels restored.
The wight hits you but does no damage.
Things that are here:
a +0 halberd; a +0 robe You closely miss the wight.
The wight hits you with a +0 falchion!
* * * LOW HITPOINT WARNING * * *
You hit the wight.
The wight is lightly damaged.
The wight hits you with a +0 falchion.
You die...

#.##... .# #.##
#.###### # #..#
##+## ##.# ##...##
#.# ##.....## ## #.#
##.......## ##.##)#
#.........####...#.#
'<........+.....z))#
#......[..####..@#.#
##.......## ##.##.#
##.....## #.. ..#
####...### #.# ###
#........# #.
..###.##.# #. ..#
#.##.### #
..###.......
..##...#.###


You could see a wight.

Vanquished Creatures
  Eustachio (D:4)
  An ice beast (D:6)
  2 centaurs
  A phantom (D:6)
  Blork the orc (D:6)
  A scorpion (D:4)
  8 wights (D:6)
  A hound (D:4)
  2 jellies
  An iguana (D:3)
  An adder (D:4)
  A white imp (D:6)
  An ufetubus (D:6)
  A worm (D:2)
  3 dart slugs
  9 orcs
  6 ball pythons
  3 endoplasms
  2 giant cockroaches
  7 goblins
  4 hobgoblins
  7 jackals
  4 bats
  2 frilled lizards
  3 kobolds
  5 rats
78 creatures vanquished.

Notes
Turn   | Place    | Note
-------+----------+-------------------------------------------
     0 | D:1      | cheesebisquit the Minotaur Berserker began the quest for
                  | the Orb.
     0 | D:1      | Reached XP level 1. HP: 19/19 MP: 0/0
   274 | D:1      | Reached XP level 2. HP: 27/27 MP: 1/1
   318 | D:1      | Reached skill level 4 in Axes
   925 | D:2      | Reached XP level 3. HP: 29/33 MP: 2/2
   998 | D:2      | Found a faded altar of an unknown god.
  1584 | D:3      | Found a shimmering altar of Xom.
  1641 | D:3      | Reached skill level 5 in Axes
  1686 | D:3      | Reached XP level 4. HP: 39/40 MP: 3/3
  1784 | D:3      | Reached ** piety under Trog
  1829 | D:4      | Noticed a scorpion
  1839 | D:4      | Killed a scorpion
  1840 | D:4      | Reached skill level 6 in Axes
  1868 | D:4      | Reached XP level 5. HP: 46/46 MP: 4/4
  1889 | D:4      | Reached skill level 7 in Axes
  1895 | D:4      | Noticed Eustachio
  2056 | D:4      | Noticed a centaur
  2065 | D:4      | Killed a centaur
  2066 | D:4      | Reached skill level 8 in Axes
  2066 | D:4      | Reached XP level 6. HP: 28/52 MP: 5/5
  2084 | D:4      | Killed Eustachio
  2460 | D:4      | Reached skill level 9 in Axes
  2519 | D:4      | You fall into a shaft and drop 2 floors!
  2535 | D:6      | Reached XP level 7. HP: 58/58 MP: 6/6
  2620 | D:6      | Noticed Blork the orc
  2633 | D:6      | Killed Blork the orc
  2787 | D:6      | Reached skill level 10 in Axes
  2956 | D:6      | Reached skill level 11 in Axes
  3175 | D:6      | Reached XP level 8. HP: 53/66 MP: 7/7
  3273 | D:6      | Reached skill level 12 in Axes
  3281 | D:6      | Slain by a wight

Illustrated notes

Levels and vault maps discovered:
D:1:      onia_arrival_mini_maze, layout_loops_ring, kennysheep_small_spiral
D:2:      layout_loops_ring, ebering_ecumenical_altar_webs
D:3:      layout_rooms, amcnicky_altar_gilded, minmay_misc_feat_cross,
          serial_bayou_crossing
D:4:      layout_cave_pools, chequers_decorated_corner, uniq_eustachio
D:6:      layout_loops_corners, minivault_10, lightli_church_of_beogh,
          uniq_blork_the_orc

Skill      XL: |  1  2  3  4  5  6  7  8 |
---------------+-------------------------+-----
Axes           | 4 5 6 8 9 11 12 | 12.1
Fighting       | |  3.8
Armour         | |  2.7
Dodging        | |  2.4

Action                   |  1- 3 |  4- 6 |  7- 9 || total
-------------------------+-------+-------+-------++-------
Melee: Hand axe          |    53 |    65 |    80 ||   198
       Headbutt          |    11 |    16 |    21 ||    48
       Punch             |     1 |       |     2 ||     3
Invok: Berserk           |       |     3 |       ||     3
  Use: Scroll            |     4 |     1 |       ||     5
 Stab: Sleeping          |     2 |       |       ||     2
Armor: Animal skin       |     8 |       |       ||     8
       Plate armour      |    15 |    56 |    24 ||    95
Dodge: Dodged            |    25 |    37 |    16 ||    78

Table legend: (Time is in decaauts)
 A = Elapsed time spent in this place.
 B = Non-inter-level travel time spent in this place.
 C = Inter-level travel time spent in this place.
 D = Time resting spent in this place.
 E = Time spent auto-exploring this place.
 F = Levels seen in this place.
 G = Mean time per level.
                   A        B        C        D        E       F      G
               +--------+--------+--------+--------+--------+-----+--------+
         Total |   3294 |   3145 |    149 |    338 |   2230 |   5 |  658.8 |
       Dungeon |   3294 |   3145 |    149 |    338 |   2230 |   5 |  658.8 |
               +--------+--------+--------+--------+--------+-----+--------+

Top non-repeatable levels by time:
     D:1: 835 daAuts
     D:6: 749 daAuts
     D:4: 705 daAuts
     D:2: 615 daAuts
     D:3: 389 daAuts
